cohdb
Replays
Latest Replays
All Replays
Popular Replays
Top Player Replays
Match Explorer
How It Works
Community
CoH3 Stats
Reddit
Sign in to upload your games and track your stats! →
Sign in with Steam
Match 43771044
Unlisted
Match 43771044
Overview
Messages
Build Orders
End
Construct Weapon Support Center
Selects Special Operations Battlegroup
Selects M29 Weasel Recon Vehicle
M29 Weasel Recon Vehicle
M1919 Machine Gun Team
M1919 Machine Gun Team
Bazooka Squad
Bazooka Squad
Selects Smoke Screen
Mechanized Support Center
Engineer Squad
M1919 Machine Gun Team
Construct Motor Pool
Construct Barracks
M3 Armored Personnel Carrier
Selects P-47 Anti-Infantry Loiter
Selects UNKNOWN (2162291)
P-47 Anti-Infantry Loiter
Construct Tank Depot
M1919 Machine Gun Team
Selects SSF Commando Squad
M4A1 Sherman Whizbang
1⁄4-ton 4x4 Truck
M4A1 Sherman Medium Tank
M4A1 76mm Conversion
Selects Assault Operation
Designate Forward Repair Station
M4A1(76) Sherman Medium Tank
SSF Commando Squad
Hevsik
iPlayThisNaked
Computer - Hard
Alekel
WilllTHENOOBz
【POW】游骑
我真的不是驴
MrGlaucus
0
0
Comments
sign in to comment!
No comments posted yet!